 Dungeon Crawl Stone Soup version 0.31-a0-4-gefa6de2278 (webtiles) character file.

Game seed: 11681097793090860120

16018 Lavandula the Thaumaturge (level 12, -6/91 HPs)
             Began as a Mummy Venom Mage on May 4, 2023.
             Was an Elder of Kikubaaqudgha.
             Mangled by a death yak (12 damage)
             ... in an ice cave.
             The game lasted 00:30:31 (12825 turns).

Lavandula the Thaumaturge (Mummy Venom Mage)       Turns: 12825, Time: 00:30:31

Health: -6/91      AC:  9    Str: 12    XL:     12   Next: 6%
Magic:  1/26       EV: 13    Int: 25    God:    Kikubaaqudgha [****..]
Gold:   773        SH:  0    Dex: 12    Spells: 9/31 levels left

rFire   . . .        r - +2 hand axe (elec)
rCold   + + .        (no shield)
rNeg    + + +        G - +0 troll leather armour
rPois   ∞            E - +0 helmet
rElec   .            d - scarf {rC+ rF+}
rCorr   .            (no gloves)
SInv    .            (no boots)
Will    +....        n - amulet of regeneration
Stlth   +            l - +6 ring of intelligence
HPRegen 1.95/turn    w - +4 ring of protection
MPRegen 0.20/turn

%: faith
@: very slightly contaminated
A: cold resistance 1, negative energy resistance 3, torment resistance 2, heat
vulnerability 1, in touch with death 1, no potions, faith
a: Renounce Religion, Unearth Wretches


You were in an ice cave.
You worshipped Kikubaaqudgha.
Kikubaaqudgha was greatly pleased with you.
You visited 2 branches of the dungeon, and saw 12 of its levels.
You also visited: Ossuary and Ice Cave.

You collected 773 gold pieces.

Inventory:

Hand Weapons
 h - a +0 spear of venom
 j - a +2 dagger of venom
 r - a +2 hand axe of electrocution (weapon)
 t - a +2 vampiric dagger
 x - the +4 rapier of Autumn {freeze, rElec}
   (You found it on level 6 of the Dungeon)

   rElec:     It insulates you from electricity.
Missiles
 c - 24 poisoned darts
 B - 4 curare-tipped darts
 F - 5 silver boomerangs
Armour
 d - a scarf of resistance (worn)
 s - a +2 robe of cold resistance
 z - a +1 buckler of cold resistance
 D - a +0 buckler
 E - a +0 helmet (worn)
 G - a +0 troll leather armour (worn)
 I - a +2 ring mail of willpower
Jewellery
 l - a +6 ring of intelligence (left hand)
 n - an amulet of regeneration (around neck)
 o - a ring of flight
 w - a +4 ring of protection (right hand)
 A - a ring of protection from cold
 J - a ring of ice
Wands
 b - a wand of flame (32)
 e - a wand of digging (2)
 f - a wand of polymorph (15)
 p - a wand of mindburst (10)
 C - a wand of iceblast (7)
 H - a wand of paralysis (2)
Scrolls
 g - 5 scrolls of fog
 i - 3 scrolls of noise {unknown}
 k - a scroll of enchant armour {unknown}
 m - 2 scrolls of teleportation
 q - 2 scrolls of summoning {unknown}
 v - 2 scrolls of vulnerability
 y - 2 scrolls of poison


   Skills:
 - Level 7.5 Fighting
 - Level 4.8 Axes
 - Level 3.1 Armour
 - Level 5.0 Dodging
 - Level 1.5 Stealth
 - Level 10.0 Spellcasting
 + Level 9.9 Necromancy
 - Level 4.3 Translocations
 - Level 0.7 Transmutations
 - Level 7.0 Poison Magic


You had 9 spell levels left.
You knew the following spells:

 Your Spells              Type           Power      Damage    Failure   Level
a - Sting                 Tmut/Pois      100%       1d8       1%          1
b - Poisonous Vapours     Pois/Air       60%        N/A       2%          2
c - Mephitic Cloud        Conj/Pois/Air  24%        N/A       7%          3
d - Olgreb's Toxic Radia  Pois           47%        N/A       3%          4
e - Blink                 Tloc           68%        N/A       1%          2
f - Anguish               Hex/Necr       27%        N/A       8%          4
g - Death Channel         Necr           38%        N/A       16%         6

Your spell library contained the following spells:

 Spells                   Type           Power      Damage    Failure   Level
 Kiss of Death            Conj/Necr      100%       2d13      1%          1
 Necrotise                Necr           100%       1d9       1%          1
 Cigotuvi's Dreadful Rot  Necr/Pois/Air  100%       N/A       1%          2
 Lesser Beckoning         Tloc           68%        N/A       1%          2
 Vampiric Draining        Necr           76%        2d11      1%          3
 Dispel Undead            Necr           76%        3d25      1%          4
 Gell's Gravitas          Tloc           34%        N/A       3%          3
 Teleport Other           Tloc           34%        N/A       3%          3
 Agony                    Necr           76%        N/A       3%          5
 Sandblast                Erth           24%        2d8       6%          1
 Portal Projectile        Hex/Tloc       46%        N/A       8%          3
 Ensorcelled Hibernation  Hex/Ice        24%        N/A       10%         2
 Manifold Assault         Tloc           34%        N/A       11%         4
 Call Canine Familiar     Summ           12%        N/A       19%         3
 Frozen Ramparts          Ice            24%        1d4       19%         3
 Leda's Liquefaction      Hex/Erth       6%         N/A       52%         4
 Summon Ice Beast         Ice/Summ       12%        N/A       52%         4
 Simulacrum               Ice/Necr       27%        N/A       77%         6
 Yara's Violent Unravell  Hex/Tmut       7%         3d5       83%         5
 Lehudib's Crystal Spear  Conj/Erth      6%         10d3      100%        8
 Spider Form              Tmut/Pois      Unusable   N/A       N/A         3
 Ice Form                 Ice/Tmut       Unusable   N/A       N/A         4
 Statue Form              Tmut/Erth      Unusable   N/A       N/A         6
 Storm Form               Tmut/Air       Unusable   N/A       N/A         7

Dungeon Overview and Level Annotations

Branches:
Dungeon (11/15)            Temple (0/1) D:7            Lair (0/5) D:10
    Orc (1/2) D:9         Ossuary (visited)           IceCv (1/1)

Altars:
Cheibriados
Dithmenos
Fedhas
Kikubaaqudgha
Nemelex Xobeh
Qazlal
Trog
Vehumet
Yredelemnul

Shops:
D:8 !   D:9 [   D:10 !

Annotations:
D:4 3 runed translucent doors, zx48k's ghost, novice GnFi
D:6 3 runed translucent doors, Azuvok's ghost, novice MiFi; Kenran's ghost, novice VSMo; anet's ghost, novice GrCj; duruk's ghost, novice TrWr
D:10 exclusion: orange crystal statue IceCv exclusion: ice statue


Innate Abilities, Weirdness & Mutations

You are immune to poison.
Your flesh is cold resistant. (rC+)
You are immune to negative energy. (rN+++)
You are immune to unholy pain and torment.
You are vulnerable to heat. (rF-)
You are in touch with the powers of death.
You do not drink.
You have a special connection with the divine. (Faith)


Message History

Kikubaaqudgha accepts your kill.
Your toxic aura wanes.
Unknown command.
Okay, then.
Unknown command.
Casting: Olgreb's Toxic Radiance (dangerous; 3% risk of failure)
Confirm with . or Enter, or press ? or * to list all spells.
Casting: Anguish (dangerous; 8% risk of failure)
Press: ? - help, Dir - look around, f - activate Look: a death yak (severely wounded, very poisoned, chance to affect: 19%)
Okay, then.
Casting: Anguish (dangerous; 8% risk of failure)
Confirm with . or Enter, or press ? or * to list all spells.
Aiming: Mephitic Cloud (dangerous; 7% risk of failure)
Press: ? - help, Shift-Dir - straight line, f - death yak
Aim: a death yak (severely wounded, very poisoned, chance to affect: 34%)
The ball explodes into a vile cloud!
The stinking cloud engulfs the death yak but does no damage.
The death yak is severely wounded.
The stinking cloud engulfs you but does no damage.
The death yak is engulfed in noxious fumes.
The death yak gores you!
* * * LOW HITPOINT WARNING * * *
Unknown command.
Okay, then.
Okay, then.
Unknown command.
Okay, then.
As you read the scroll labelled NEOXTE FEHUBB, it crumbles to dust.
You feel aware of your surroundings.
You sensed 1 shop/portal.
It was a scroll of magic mapping.
The death yak is engulfed in noxious fumes.
The death yak gores you!
* * * LOW HITPOINT WARNING * * *
Unknown command.
Okay, then.
Unknown command.
The death yak attacks as you move away! The death yak gores you!
You die...
Kikubaaqudgha rasps: "You have failed me!
Welcome... oblivion!"

**,,**,**** #.##..#####......##
*,,*,,,,,,**##...##.)h(.##..##*
***,*****.,**##.Y#...⌠...###..#
*,,,,*,..,**##.........#*,..#*
#######,*##..*
##...######**#..#
.#....##*#...#*
###Y.#####**.###
....#..##**#..####....#..,,.#*
..####..# **#...Y##.#.#*#...*
#..###..# ##.@####.##...#**
#..##...## ##..###....#**
#...##.8.## ####..#...###
...####...# ##..#....###
.####[#.#####...#.#### ##
##.#.##...##.## # ##....#######
######


You could see a death yak (very poisoned), a polar bear (confused) and a yak.

Vanquished Creatures
  An ironbound frostheart (IceCv)
  A two-headed ogre (D:10)
  Pikel (D:5)
  An ugly thing (IceCv)
  3 rime drakes
  2 trolls (D:9)
  11 polar bears
  Sigmund (D:4)
  3 wyverns
  26 yaks
  A vampire (D:9)
  A steam dragon (D:10)
  A warg (D:9)
  A water moccasin (D:8)
  4 ice beasts (D:10)
  Duvessa (D:4)
  9 orc warriors
  18 wolves
  5 centaurs
  2 ogres
  A phantom (D:5)
  2 kobold brigands
  A lemure (D:5)
  A bullfrog (D:7)
  5 scorpions
  A hornet simulacrum (D:11)
  A wight (Ossuary)
  Dowan (D:4)
  4 killer bees (D:10)
  3 howler monkeys
  6 hounds
  A jelly (D:6)
  8 orc priests
  2 gnoll boudas
  6 iguanas
  A sleepcap (D:5)
  14 orc wizards
  4 gnolls (D:7)
  2 white imps
  An ufetubus (D:6)
  2 worms (D:2)
  A dart slug (D:9)
  44 orcs
  5 ball pythons
  7 bats
  8 endoplasms
  A giant cockroach (D:2)
  9 goblins
  7 hobgoblins
  9 jackals
  18 kobolds
  A quokka (D:5)
  3 frilled lizards (D:3)
  A hobgoblin skeleton (Ossuary)
  A hobgoblin zombie (Ossuary)
  2 orc skeletons (Ossuary)
  2 rats (D:3)
  A spectral orc (D:5)
280 creatures vanquished.

Vanquished Creatures (others)
  A centaur (D:11)
1 creature vanquished.

Grand Total: 281 creatures vanquished

Notes
Turn   | Place    | Note
-------+----------+-------------------------------------------
     0 | D:1      | Lavandula the Mummy Venom Mage began the quest for the Orb.
     0 | D:1      | Reached XP level 1. HP: 13/13 MP: 4/4
   133 | D:1      | Reached XP level 2. HP: 12/19 MP: 0/5
   435 | D:1      | Learned a level 2 spell: Poisonous Vapours
  1344 | D:2      | Gained mutation: You are in touch with the powers of death.
                  | [Mummy growth]
  1344 | D:2      | Reached XP level 3. HP: 24/24 MP: 7/7
  1608 | D:2      | Learned a level 3 spell: Mephitic Cloud
  1947 | D:3      | Reached skill level 3 in Spellcasting
  2500 | D:3      | Reached XP level 4. HP: 30/30 MP: 6/9
  2507 | D:3      | Learned a level 4 spell: Olgreb's Toxic Radiance
  2755 | D:4      | Noticed Duvessa
  2755 | D:4      | Noticed Dowan
  2758 | D:4      | Killed Dowan
  2758 | D:4      | Killed Duvessa
  2759 | D:4      | Reached XP level 5. HP: 32/35 MP: 5/10
  2824 | D:4      | Found a sand-covered staircase.
  2834 | Ossuary  | Entered an ossuary
  2905 | Ossuary  | Reached XP level 6. HP: 15/41 MP: 11/11
  3153 | D:4      | Found a radiant altar of Vehumet.
  3207 | D:4      | Noticed Sigmund
  3219 | D:4      | Killed Sigmund
  3399 | D:4      | Reached XP level 7. HP: 40/46 MP: 12/12
  3440 | D:4      | Learned a level 2 spell: Blink
  3442 | D:4      | Found a runed translucent gate.
  3443 | D:4      | Found a runed translucent gate.
  3444 | D:4      | Found a runed translucent gate.
  3450 | D:4      | Noticed zx48k's ghost (novice GnFi)
  3949 | D:5      | Entered Level 5 of the Dungeon
  4573 | D:5      | Reached XP level 8. HP: 23/52 MP: 3/13
  5002 | D:5      | Reached skill level 1 in Translocations
  5043 | D:5      | Noticed Pikel
  5052 | D:5      | Killed Pikel
  5382 | D:5      | Found a basalt altar of Yredelemnul.
  5449 | D:6      | Identified the +4 rapier of Autumn {freeze, rElec}
  5486 | D:6      | Reached skill level 5 in Poison Magic
  6051 | D:6      | Found a runed translucent gate.
  6052 | D:6      | Found a runed translucent gate.
  6053 | D:6      | Found a runed translucent gate.
  6054 | D:6      | Noticed anet's ghost (novice GrCj)
  6054 | D:6      | Noticed duruk's ghost (novice TrWr)
  6056 | D:6      | Noticed Azuvok's ghost (novice MiFi)
  6056 | D:6      | Noticed Kenran's ghost (novice VSMo)
  6176 | D:6      | Found an ancient bone altar of Kikubaaqudgha.
  6177 | D:6      | Found a stormy altar of Qazlal.
  6711 | D:7      | Found a staircase to the Ecumenical Temple.
  6783 | D:7      | Reached XP level 9. HP: 45/57 MP: 9/14
  7008 | D:7      | Identified the +4 chain mail of Tougek {Str+3}
  7232 | D:7      | Reached skill level 4 in Spellcasting
  7293 | D:7      | Reached skill level 5 in Fighting
  7792 | D:7      | Got Sif Muna's Compendium of the Switch and Bedrock
  8035 | D:6      | Became a worshipper of Kikubaaqudgha
  8271 | D:8      | Found Ramann's Distillery.
  8521 | D:8      | Reached XP level 10. HP: 74/79 MP: 8/16
  8692 | D:8      | Reached * piety under Kikubaaqudgha
  8692 | D:8      | Received a gift from Kikubaaqudgha
  8820 | D:8      | Found a blossoming altar of Fedhas.
  9188 | D:9      | Reached skill level 1 in Armour
  9311 | D:9      | Found Foacloa's Armour Shop.
  9453 | D:9      | Found a staircase to the Orcish Mines.
  9546 | D:9      | Reached skill level 5 in Dodging
  9562 | D:9      | Learned a level 4 spell: Anguish
  9732 | D:9      | Found a snail-covered altar of Cheibriados.
  9886 | D:9      | Found a shadowy altar of Dithmenos.
  9968 | D:9      | Reached skill level 5 in Spellcasting
 10074 | D:10     | Entered Level 10 of the Dungeon
 10202 | D:10     | Noticed an orange crystal statue
 10217 | D:10     | Reached skill level 6 in Spellcasting
 10219 | D:10     | Reached skill level 7 in Spellcasting
 10240 | D:10     | Reached ** piety under Kikubaaqudgha
 10273 | D:10     | Reached skill level 8 in Spellcasting
 10335 | D:10     | Found a staircase to the Lair.
 10500 | D:10     | Noticed a two-headed ogre
 10507 | D:10     | HP: 1/79 [two-headed ogre/+0 giant spiked club (25)]
 10509 | D:10     | Killed a two-headed ogre
 10510 | D:10     | Reached skill level 9 in Spellcasting
 10519 | D:10     | Reached XP level 11. HP: 24/84 MP: 3/24
 10772 | D:10     | Found a bloodstained altar of Trog.
 10926 | D:10     | Found Aqesaxt's Distillery.
 11222 | D:11     | Reached skill level 10 in Spellcasting
 11391 | D:11     | Found a sparkling altar of Nemelex Xobeh.
 11525 | Orc:1    | Entered Level 1 of the Orcish Mines
 11536 | Orc:1    | Reached skill level 1 in Necromancy
 11705 | Orc:1    | Found a frozen archway.
 11716 | Orc:1    | Reached *** piety under Kikubaaqudgha
 11716 | Orc:1    | Received a gift from Kikubaaqudgha
 11733 | IceCv    | Entered an ice cave
 11858 | IceCv    | Reached skill level 5 in Necromancy
 11941 | IceCv    | Learned a level 6 spell: Death Channel
 12331 | IceCv    | Noticed a white ugly thing
 12345 | IceCv    | Killed a white ugly thing
 12417 | IceCv    | Noticed an ironbound frostheart
 12417 | IceCv    | Noticed an ironbound frostheart
 12446 | IceCv    | Killed an ironbound frostheart
 12477 | IceCv    | Reached **** piety under Kikubaaqudgha
 12621 | IceCv    | Reached XP level 12. HP: 82/91 MP: 15/26
 12787 | IceCv    | Noticed a death yak
 12825 | IceCv    | Mangled by a death yak

Illustrated notes

Levels and vault maps discovered:
D:1:      dpeg_arrival_morbid_curiosity, layout_basic, minmay_splitting_lines,
          grunt_decor_cap, hangedman_feature_mirror
D:2:      layout_loops_ring, st_stairs_4
D:3:      layout_basic
D:4:      layout_loops_ring, mainiacjoe_overflow_tiny_flanked, enter_ossuary_1,
          gammafunk_ghost_split, uniq_duvessa, uniq_sigmund
D:5:      layout_loops_ring, yredelemnul_forgotten_temple_becter, st_stairs_12,
          uniq_pikel
D:6:      layout_loops_cross, nicolae_overflow_hidden_temple,
          gammafunk_ghost_cemetery
D:7:      layout_loops_corners, minmay_temple_entry_from_below_a,
          minmay_manual_mullet
D:8:      layout_loops_ring, fedhas_altar_3, serial_shops,
          nicolae_shop_pleasant_corner_grove
D:9:      layout_cave_pools, kennysheep_slug_shrine,
          nicolae_dithmenos_through_a_glass_darkly, david_orc_3, serial_shops,
          nicolae_shop_crystal
D:10:     layout_roguey, mainiacjoe_overflow_alcove_4, hellmonk_lair_entry_icy,
          serial_shops, shop, minmay_misc_feat_alley, minivault_16
D:11:     layout_rooms, minivault_11, nemelex_diamond_rough_becter
Orc:1:    layout_caves, basic_altar, portal_ice_cave_entry_animals_and_master
IceCv:    ice_cave_caverns_03

Skill      XL: |  1  2  3  4  5  6  7  8  9 10 11 |
---------------+----------------------------------+-----
Poison Magic   | 3 4 6 7 |  7.0
Spellcasting   | 3 4 9 10 | 10.0
Axes           | 3 4 |  4.8
Dodging        | 4 5 |  5.0
Translocations | 4 |  4.3
Fighting       | 7 |  7.5
Armour         | 3 |  3.1
Necromancy     | 9 |  9.9
Stealth        | |  1.5
Transmutations | |  0.7

Action                     |  1- 3 |  4- 6 |  7- 9 | 10-12 || total
---------------------------+-------+-------+-------+-------++-------
  Melee: Unarmed           |    21 |       |       |       ||    21
         Spear             |    20 |       |       |       ||    20
         Dagger            |    63 |    31 |    27 |       ||   121
         Hand axe          |       |    44 |   165 |   239 ||   448
         War axe           |       |       |     2 |       ||     2
         Punch             |       |       |       |     7 ||     7
  Throw: Dart              |       |       |       |     2 ||     2
   Cast: Sting             |    46 |     1 |       |       ||    47
         Olgreb's Toxic Ra |       |     2 |    38 |    82 ||   122
         Mephitic Cloud    |       |     2 |     3 |    13 ||    18
         Anguish           |       |       |       |     1 ||     1
  Evoke: Wand              |       |       |     1 |    14 ||    15
    Use: Scroll            |       |     3 |     5 |     6 ||    14
   Stab: Sleeping          |     2 |     3 |     1 |       ||     6
         Confused          |       |     1 |       |     5 ||     6
         Paralysed         |       |       |       |    14 ||    14
 Armour: Robe              |    22 |     5 |    37 |     5 ||    69
         Troll leather arm |       |       |       |    83 ||    83
  Dodge: Dodged            |    60 |    41 |   121 |   220 ||   442

Table legend: (Time is in decaauts)
 A = Elapsed time spent in this place.
 B = Non-inter-level travel time spent in this place.
 C = Inter-level travel time spent in this place.
 D = Time resting spent in this place.
 E = Time spent auto-exploring this place.
 F = Levels seen in this place.
 G = Mean time per level.
                   A        B        C        D        E       F      G
               +--------+--------+--------+--------+--------+-----+--------+
         Total |  12920 |  12215 |    705 |   1436 |   8614 |  14 |  922.9 |
       Dungeon |  11390 |  10685 |    705 |    804 |   8179 |  11 | 1035.5 |
  Orcish Mines |    209 |    209 |      0 |     83 |      0 |   1 |  209.0 |
       Ossuary |    210 |    210 |      0 |     96 |     46 |   1 |  210.0 |
      Ice Cave |   1109 |   1109 |      0 |    453 |    389 |   1 | 1109.0 |
               +--------+--------+--------+--------+--------+-----+--------+

Top non-repeatable levels by time:
     D:7: 1690 daAuts
     D:5: 1606 daAuts
     D:8: 1209 daAuts
    D:10: 1175 daAuts
   IceCv: 1109 daAuts
     D:1: 1089 daAuts
     D:4: 1032 daAuts
     D:6: 912 daAuts
     D:2: 836 daAuts
     D:3: 824 daAuts
     D:9: 740 daAuts
    D:11: 271 daAuts
 Ossuary: 210 daAuts
   Orc:1: 209 daAuts
